 Dungeon Crawl Stone Soup version 0.22.1-1-ga44c0e56f4 (webtiles) character file.

4487 Naru the Basher (level 10, -3/88 HPs)
             Began as a Red Draconian Fighter on Nov 4, 2018.
             Was a Priest of Elyvilon.
             Killed by the air
             ... invoked by Gastronok
              (24 damage)
             ... on level 8 of the Dungeon.
             The game lasted 00:25:34 (9789 turns).

Naru the Basher (Red Draconian Fighter)             Turns: 9789, Time: 00:25:35

Health: -3/88      AC:  9    Str: 23    XL:     10   Next: 16%
Magic:  10/12      EV: 12    Int:  8    God:    Elyvilon [***...]
Gold:   167        SH: 10    Dex: 12    Spells: 9/9 levels left

rFire    + + .     SeeInvis .   a - +6 mace of Interdependent Arising {crush, Str+2}
rCold    x . .     Gourm    .   C - +0 shield
rNeg     . . .     Faith    .   (armour unavailable)
rPois    .         Spirit   .   (helmet restricted)
rElec    .         Reflect  .   g - scarf {cloud immunity}
rCorr    .         Harm     .   (no gloves)
MR       .....                  e - +1 pair of boots
Stlth    +.........             (no amulet)
HPRegen  0.24/turn              r - ring of flight
MPRegen  0.13/turn              s - ring of fire

@: short of breath, protection, slowed, very slow
A: breathe fire, unfitting armour, fire resistance 1, cold-blooded, AC +7
a: Breathe Fire, Lesser Healing, Heal Other, Purification, Divine Protection,
Renounce Religion, Evoke Flight


You were on level 8 of the Dungeon.
You worshipped Elyvilon.
Elyvilon was most pleased with you.
You were hungry.

You visited 1 branch of the dungeon, and saw 8 of its levels.

You collected 307 gold pieces.
You spent 140 gold pieces at shops.

Inventory:

Hand Weapons
 a - the +6 mace of Interdependent Arising (weapon) {crush, Str+2}
   (You found it on level 6 of the Dungeon)

   It inflicts extra damage upon your enemies.
   It affects your strength (+2).
 b - a +0 hand crossbow
Missiles
 h - 49 sling bullets
 i - 70 bolts
 o - 304 stones
 q - 19 poisoned needles
 y - 6 tomahawks (quivered)
 F - a throwing net
Armour
 e - a +1 pair of boots (worn)
 g - a scarf of cloud immunity (worn)
 C - a +0 shield (worn)
Jewellery
 r - a ring of flight (left hand)
 s - a ring of fire (right hand)
 u - an uncursed ring of magical power
 I - a cursed ring of attention {unknown}
Wands
 x - a wand of paralysis (14)
 z - a wand of clouds (5)
Scrolls
 f - 3 scrolls of identify
 j - 2 scrolls of remove curse
 l - 10 scrolls of teleportation
 m - 2 scrolls of immolation
 D - 2 scrolls of enchant weapon
 G - a scroll of amnesia
 H - a scroll of fog
Potions
 c - a potion of might
 k - 2 potions of brilliance {unknown}
 n - 2 potions of degeneration
 p - a potion of heal wounds
 t - 3 potions of flight
 v - a potion of curing
 w - a potion of magic {unknown}
 A - a potion of cancellation
 B - 2 potions of agility {unknown}
 E - a potion of ambrosia {unknown}
Comestibles
 d - 21 rations


   Skills:
 * Level 7.8 Fighting
   Level 6.6 Long Blades
 * Level 8.1 Maces & Flails
 + Level 1.9 Crossbows
 + Level 4.6 Dodging
 + Level 6.1 Shields
 * Level 3.0 Invocations
 - Level 3.0 Evocations


You had 9 spell levels left.
You didn't know any spells.
Your spell library was empty.

Dungeon Overview and Level Annotations

Branches:
Dungeon (8/15)             Temple (0/1) D:5
   Lair: D:8-11

Altars:
Cheibriados
Elyvilon
Makhleb
Nemelex Xobeh
Ru
Trog
Xom
Yredelemnul

Shops:
D:6 %   D:7 *![

Annotations:
D:8 Gastronok


Innate Abilities, Weirdness & Mutations

You can breathe blasts of fire.
Your fiery red scales are hard. (AC +7)
You cannot fit into any form of body armour.
Your flesh is heat resistant. (rF+)
You are cold-blooded and may be slowed by cold attacks.


Message History

You are feeling hungry.
Gastronok waves his eye-stalks in wide circles.
The air twists around and strikes you!
* * * LOW HITPOINT WARNING * * *
You beseech Elyvilon to protect your life.
Gastronok bites you!!
* * * LOW HITPOINT WARNING * * *
You are healed.
You feel somewhat more hungry.
Gastronok is no longer moving quickly.
Gastronok barely misses you.
You are healed.
You feel somewhat more hungry.
You hit Gastronok.
You tail-slap Gastronok, but do no damage.
Gastronok is moderately wounded.
Gastronok barely misses you.
You hit Gastronok but do no damage.
Gastronok is moderately wounded.
Gastronok gurgles, "It's true, you are what you eat."
Gastronok waves his eye-stalks in wide circles.
The air twists around and strikes you!
You die...

....#....(.(w....
#..###.##'###########.
#..###.##(#####......
..........(...#.....
..........(...#....# ########
..............#....# #.......
............(.#....# #.......
..............#....#######.......
#.######..##..#.@................
#.######..##..##w##.......#'##...
...'..............#.......#..#...
...#..............#.......#..####
...#............§.#.......#...#
...#..............#.......#..##
################..#.......#..##
....÷........<.####.......'...#
########.......#..#.......#...#


You could see Gastronok.

Vanquished Creatures
  Harold (D:7)
  A queen bee (D:8)
  A hippogriff (D:8)
  Menkaure (D:6)
  Edmund (D:5)
  A sky beast (D:8)
  A black bear (D:8)
  2 orc warriors (D:6)
  A phantom (D:6)
  An ogre (D:5)
  A necrophage (D:7)
  A centaur (D:6)
  2 bullfrogs
  4 scorpions
  A water moccasin skeleton (D:6)
  15 killer bees
  5 wights (D:7)
  4 howler monkeys
  4 crimson imps
  2 jellies
  3 orc wizards
  A bullfrog skeleton (D:6)
  2 orc priests
  5 hounds
  A centaur skeleton (D:6)
  7 worker ants
  4 iguanas
  7 gnolls
  9 adders
  A shadow imp (D:3)
  2 oozes
  2 worms (D:2)
  A dart slug (D:2)
  5 leopard geckos
  18 orcs
  9 bats
  A giant cockroach (D:2)
  2 hobgoblins
  16 jackals
  6 kobolds
  4 quokkas
  9 frilled lizards
  6 goblins
  A leopard gecko skeleton (D:6)
  A quokka zombie (D:8)
  3 rats
176 creatures vanquished.

Notes
Turn   | Place    | Note
-------+----------+-------------------------------------------
     0 | D:1      | Naru the Draconian Fighter began the quest for the Orb.
     0 | D:1      | Reached XP level 1. HP: 19/19 MP: 1/1
   262 | D:1      | Reached XP level 2. HP: 26/26 MP: 2/2
   912 | D:2      | Reached XP level 3. HP: 33/33 MP: 3/3
  1367 | D:2      | Reached XP level 4. HP: 39/40 MP: 4/4
  1998 | D:3      | Reached XP level 5. HP: 46/46 MP: 5/5
  2362 | D:3      | Found a shimmering altar of Xom.
  2792 | D:3      | Reached XP level 6. HP: 53/53 MP: 6/6
  2904 | D:3      | Reached skill level 5 in Long Blades
  2904 | D:3      | Reached skill level 1 in Evocations
  3456 | D:4      | Found a snail-covered altar of Cheibriados.
  3458 | D:4      | Found a bloodstained altar of Trog.
  3458 | D:4      | Found a sacrificial altar of Ru.
  3459 | D:4      | Found a white marble altar of Elyvilon.
  3462 | D:4      | Found a basalt altar of Yredelemnul.
  3464 | D:4      | Found a burning altar of Makhleb.
  3508 | D:4      | Became a worshipper of Elyvilon the Healer
  4100 | D:4      | Your scales start taking on a fiery red colour.
  4100 | D:4      | Reached XP level 7. HP: 56/60 MP: 8/8
  4100 | D:4      | Gained mutation: Your flesh is heat resistant. (rF+) [Red
                  | Draconian growth]
  4278 | D:5      | Entered Level 5 of the Dungeon
  4304 | D:5      | Found a sparkling altar of Nemelex Xobeh.
  4447 | D:5      | Reached * piety under Elyvilon
  4465 | D:5      | Reached skill level 5 in Fighting
  4516 | D:5      | Noticed Edmund
  4886 | D:5      | Killed Edmund
  5299 | D:5      | Found a staircase to the Ecumenical Temple.
  5554 | D:6      | Reached ** piety under Elyvilon
  5556 | D:6      | Got a pitted mace
  5568 | D:6      | Identified the +6 mace of Interdependent Arising {crush,
                  | Str+2} (You found it on level 6 of the Dungeon)
  5783 | D:6      | Reached XP level 8. HP: 69/69 MP: 9/9
  5829 | D:6      | Reached skill level 1 in Maces & Flails
  6093 | D:6      | Reached skill level 2 in Maces & Flails
  6219 | D:6      | HP: 2/70 [orc warrior/scimitar (16)]
  6224 | D:6      | Reached skill level 3 in Maces & Flails
  6224 | D:6      | Reached skill level 5 in Shields
  6507 | D:6      | Noticed Menkaure
  6511 | D:6      | Killed Menkaure
  6511 | D:6      | Reached skill level 4 in Maces & Flails
  6702 | D:6      | Found Zuosm's Food Boutique.
  6728 | D:6      | Bought a ration for 70 gold pieces
  6728 | D:6      | Bought a ration for 70 gold pieces
  7156 | D:7      | Reached skill level 5 in Maces & Flails
  7185 | D:7      | Reached XP level 9. HP: 78/78 MP: 11/11
  7219 | D:7      | Reached *** piety under Elyvilon
  7255 | D:7      | Found Qaesuif's Assorted Antiques.
  7290 | D:7      | Found Saarutt's Antique Armour Shop.
  7352 | D:7      | Found Ceuk's Distillery.
  7382 | D:7      | Reached skill level 6 in Maces & Flails
  7512 | D:7      | Noticed Harold
  7537 | D:7      | Killed Harold
  7537 | D:7      | Reached skill level 7 in Maces & Flails
  7537 | D:7      | Reached skill level 1 in Invocations
  7908 | D:8      | Reached skill level 1 in Crossbows
  8764 | D:8      | Reached XP level 10. HP: 86/86 MP: 12/12
  8880 | D:7      | Reached skill level 8 in Maces & Flails
  9133 | D:8      | Reached **** piety under Elyvilon
  9460 | D:8      | Noticed Gastronok
  9482 | D:8      | Elyvilon protects you from harm!
  9789 | D:8      | Killed from afar by Gastronok

Skill      XL: |  1  2  3  4  5  6  7  8  9 10 |
---------------+-------------------------------+-----
Fighting       | 4 5 6 7 |  7.8
Long Blades    | 3 4 5 6 |  6.6
Shields        | 4 5 6 |  6.1
Evocations     | 1 2 3 |  3.0
Dodging        | 3 4 |  4.6
Maces & Flails | 5 7 8 |  8.1
Invocations    | 2 3 |  3.0
Crossbows      | 1 |  1.9

Action                   |  1- 3 |  4- 6 |  7- 9 | 10-12 || total
-------------------------+-------+-------+-------+-------++-------
Melee: Long sword        |    91 |   182 |    73 |       ||   346
       Tailslap          |     9 |    23 |    32 |     7 ||    71
       Mace              |       |       |   222 |    33 ||   255
 Fire: Hand crossbow     |       |       |    24 |    12 ||    36
Throw: Stone             |       |     2 |     2 |       ||     4
       Tomahawk          |       |       |     3 |       ||     3
Invok: Lesser Healing    |       |       |     2 |     5 ||     7
       Divine Protection |       |       |       |     1 ||     1
 Abil: Breathe Fire      |       |       |    16 |     5 ||    21
  Use: Potion            |     1 |       |     2 |       ||     3
       Scroll            |       |    10 |     8 |     1 ||    19
 Stab: Sleeping          |     1 |       |       |       ||     1
  Eat: Chunk             |     2 |     5 |    16 |     1 ||    24
       Ration            |       |     1 |     1 |     1 ||     3
Armor: Skin              |    33 |    51 |    81 |     9 ||   174
Dodge: Dodged            |    54 |    74 |   144 |    18 ||   290
Block: Shield            |    49 |    86 |   190 |    19 ||   344
       Rpst.: Long sword |    20 |    20 |     8 |       ||    48
